 Dungeon Crawl Stone Soup version 0.20.1-1-g8b1a95d (webtiles) character file.

17007 Ladykiller69 the Formicid Aeon (level 12, -8/94 HPs)
             Began as a Formicid Hunter on Aug 1, 2017.
             Was the Champion of Cheibriados.
             Mangled by a titanic slime creature (56 damage)
             ... on level 12 of the Dungeon on Aug 2, 2017.
             The game lasted 00:34:45 (12590 turns).

Ladykiller69 the Formicid Aeon (Formicid Hunter)   Turns: 12590, Time: 00:34:46

Health: -8/94      AC: 13    Str: 36    XL:     12   Next: 77%
Magic:  19/19      EV: 10    Int: 27    God:    Cheibriados [******]
Gold:   639        SH: 21    Dex: 26    Spells: 11/11 levels left

rFire    + . .     SeeInvis +   a - +0 battleaxe
rCold    + . .     Gourm    .   J - +0 large shield
rNeg     . . .     Faith    .   G - +0 plate armour
rPois    .         Spirit   .   (helmet unavailable)
rElec    .         Reflect  .   e - scarf {rC+ rF+}
rCorr    .         Harm     .   C - +0 pair of gloves
MR       +....                  (no boots)
Stlth    ..........             (no amulet)
Regen    0.3/turn               (no ring)
MPRegen  0.2/turn               (no ring)

@: very slow
A: permanent stasis, dig shafts and tunnels, four strong arms, antennae 3
a: Dig, Shaft Self, Bend Time, Temporal Distortion, Slouch, Step From Time,
Renounce Religion


You were on level 12 of the Dungeon.
You worshipped Cheibriados.
Cheibriados was exalted by your worship.
You were hungry.

You visited 2 branches of the dungeon, and saw 13 of its levels.

You collected 639 gold pieces.

Inventory:

Hand Weapons
 a - a +0 battleaxe (weapon)
 w - a +1 hand crossbow
 D - a cursed -3 flail
 T - a +0 war axe
 W - a +3 dire flail
Missiles
 d - 77 bolts
Armour
 c - a +0 leather armour
 e - a scarf of resistance (worn)
 k - a +0 chain mail
 C - a +0 pair of gloves (worn)
 G - a +0 plate armour (worn)
 J - a +0 large shield (worn)
 U - a +0 pair of boots
Jewellery
 l - an uncursed amulet of harm {unknown}
 u - an uncursed ring of wizardry {unknown}
 y - an uncursed amulet of regeneration {unknown}
 O - an uncursed ring of protection from cold {unknown}
 X - an uncursed ring of protection from magic {unknown}
Wands
 q - a wand of acid (7/15)
 x - a wand of polymorph (17/24)
 E - a wand of polymorph (14/24)
 F - a wand of clouds (4/9)
 K - a wand of disintegration (6/24)
 L - a wand of confusion (28/48)
 Q - a wand of confusion (18/48)
 S - a wand of iceblast (9/15)
Scrolls
 i - 3 scrolls of fog
 j - 6 scrolls of remove curse
 m - 2 scrolls of identify
 n - 6 scrolls of amnesia {unknown}
 p - 3 scrolls of enchant armour {unknown}
 s - 5 scrolls of immolation {unknown}
 A - a scroll of recharging {unknown}
 B - 2 scrolls of vulnerability {unknown}
 H - a scroll of random uselessness {unknown}
 I - a scroll of noise {unknown}
 M - a scroll of fear {unknown}
Potions
 b - 2 potions of lignification
 o - 3 potions of mutation
 r - 4 potions of curing
 z - 3 potions of cancellation
 R - a potion of brilliance {unknown}
 V - a potion of flight {unknown}
Books
 h - a book of Necromancy

   Spells                             Type                      Level
   a - Pain                           Necromancy                   1
   b - Animate Skeleton               Necromancy                   1
   c - Vampiric Draining              Necromancy                   3
   d - Regeneration                   Charms/Necromancy            3
   e - Animate Dead                   Necromancy                   4
   f - Control Undead                 Necromancy                   4
 N - a book of Callings

   Spells                             Type                      Level
   a - Summon Small Mammal            Summoning                    1
   b - Call Imp                       Summoning                    2
   c - Call Canine Familiar           Summoning                    3
   d - Summon Guardian Golem          Hexes/Summoning              3
   e - Summon Lightning Spire         Summoning/Air                4
   f - Summon Ice Beast               Ice/Summoning                4
Miscellaneous
 P - a phantom mirror
Comestibles
 f - 5 bread rations
 g - 6 meat rations
 t - 13 royal jellies
 v - 10 fruits


   Skills:
 + Level 8.5 Fighting
 * Level 9.3 Axes
 + Level 8.3 Crossbows
 - Level 4.0 Armour
 - Level 4.0 Dodging
 - Level 1.2 Stealth
 * Level 9.4 Shields
 * Level 10.3 Invocations
 + Level 6.9 Evocations


You had 11 spell levels left.
You didn't know any spells.

Dungeon Overview and Level Annotations

Branches:
Dungeon (12/15)            Temple (1/1) D:4            Lair (0/6) D:10
    Orc (0/2) D:9

Altars:
Ashenzari
Cheibriados
Dithmenos
Fedhas
Kikubaaqudgha
Makhleb
Nemelex Xobeh
Qazlal
Ru
Sif Muna
Trog
Uskayaw
Yredelemnul
Zin
The Shining One

Shops:
D:11 }!%=}

Annotations:
D:9 1 exclusion


Innate Abilities, Weirdness & Mutations

You cannot be hasted, slowed, berserked, paralysed or teleported.
You can dig through walls and to a lower floor.
Your four strong arms can wield two-handed weapons with a shield.
You have a pair of large antennae on your head. (SInv)


Message History

You block the titanic slime creature's attack.
The titanic slime creature hits you!!
You slice the titanic slime creature!!
The titanic slime creature is heavily wounded.
You block the titanic slime creature's attack.
You slash the titanic slime creature!
The titanic slime creature is heavily wounded.
You block the titanic slime creature's attack.
Your shield prevents you from hitting the titanic slime creature.
The titanic slime creature is heavily wounded.
The titanic slime creature hits you!!
You block the titanic slime creature's attack.
You slice the titanic slime creature!!
The titanic slime creature is severely wounded.
You block the titanic slime creature's attack.
Your plate armour prevents you from hitting the titanic slime creature.
The titanic slime creature is severely wounded.
The titanic slime creature hits you!!!
Ouch! That really hurt!
You die...

######.# {
##....#.
##......#
#.......##
##....>...#
##......##.# #.
###......###.##
#..###...#...##
##.#
#.J@####..##
#.## #...###
#### #..# #...#
###.# ..#
###...## #
##......#
##....>..#
##......#.#
##.....####.
##...>.## #.


You could see a titanic slime creature.

Vanquished Creatures
  Josephine (D:12)
  3 two-headed ogres
  An unseen horror (D:12)
  A cyclops (D:11)
  2 ugly things
  A manticore (D:11)
  A centaur zombie (D:11)
  A queen bee (D:9)
  A hornet (D:7)
  3 trolls
  A hippogriff (D:12)
  A wyvern (D:11)
  11 yaks
  A shadow (D:11)
  6 wraiths
  2 hungry ghosts
  4 fire bats (D:9)
  2 porcupines (D:10)
  A hell hound (D:9)
  3 sky beasts
  6 ice beasts
  3 black bears
  6 orc warriors
  A necrophage (D:5)
  3 phantoms
  8 centaurs
  5 ogres
  A crocodile (D:11)
  The ghost of Xelenos the Sneak, an amateur SpAs (D:3)
  7 bullfrogs
  2 big kobolds
  A gnoll sergeant (D:11)
  2 scorpions
  21 killer bees (D:9)
  4 wights (D:11)
  7 howler monkeys
  2 crimson imps
  2 bullfrog zombies
  2 lava snakes (D:9)
  3 jellies
  9 hounds
  8 orc priests
  2 centaur skeletons
  A bullfrog skeleton (D:7)
  A gnoll shaman (D:5)
  2 iguanas
  5 orc wizards
  5 worker ants
  A killer bee zombie (D:7)
  A hound zombie (D:11)
  A hound skeleton (D:5)
  2 worker ant zombies
  12 gnolls
  9 adders
  A shadow imp (D:5)
  2 oozes (D:2)
  2 adder skeletons
  A worm (D:4)
  3 dart slugs
  A leopard gecko (D:6)
  42 orcs
  3 giant cockroaches
  6 goblins
  6 hobgoblins
  5 jackals
  5 quokkas
  3 ball pythons
  7 bats
  10 frilled lizards
  7 kobolds
  A quokka skeleton (D:5)
  9 rats
  A fire vortex (D:9)
  A fungus (D:10)
  A plant (D:10)
310 creatures vanquished.

Vanquished Creatures (others)
  A fire vortex (D:9)
  A fungus (D:10)
  A plant (D:10)
3 creatures vanquished.

Grand Total: 313 creatures vanquished

Notes
Turn   | Place    | Note
-------+----------+-------------------------------------------
     0 | D:1      | Ladykiller69 the Formicid Hunter began the quest for the Orb.
     0 | D:1      | Reached XP level 1. HP: 16/16 MP: 1/1
   200 | D:1      | Reached skill level 1 in Armour
   200 | D:1      | Reached XP level 2. HP: 23/23 MP: 2/2
   690 | D:2      | Found a faded altar of an unknown god.
   699 | D:2      | Reached XP level 3. HP: 24/28 MP: 3/3
  1220 | D:2      | Reached XP level 4. HP: 28/34 MP: 4/4
  1939 | D:3      | Reached XP level 5. HP: 21/41 MP: 5/5
  1986 | D:3      | Noticed Xelenos's ghost (amateur SpAs)
  2246 | D:3      | Killed Xelenos's ghost
  2343 | D:3      | Reached XP level 6. HP: 44/47 MP: 6/6
  2708 | D:4      | Noticed an ogre
  2713 | D:4      | Killed an ogre
  2772 | D:4      | Found a staircase to the Ecumenical Temple.
  2778 | Temple   | Entered the Ecumenical Temple
  2781 | Temple   | Became a worshipper of Cheibriados the Contemplative
  2879 | D:4      | Reached skill level 5 in Crossbows
  2936 | D:4      | Reached skill level 1 in Axes
  2936 | D:4      | Reached XP level 7. HP: 41/53 MP: 7/7
  3318 | D:5      | Entered Level 5 of the Dungeon
  3369 | D:5      | Reached * piety under Cheibriados
  4085 | D:5      | Reached skill level 1 in Invocations
  4085 | D:5      | Reached XP level 8. HP: 21/61 MP: 8/8
  4295 | D:5      | Reached skill level 1 in Evocations
  4415 | D:6      | Reached skill level 2 in Invocations
  4737 | D:6      | Reached skill level 3 in Invocations
  4794 | D:6      | Reached skill level 5 in Fighting
  4826 | D:6      | Reached ** piety under Cheibriados
  5141 | D:6      | Reached skill level 4 in Invocations
  5141 | D:6      | Reached XP level 9. HP: 42/66 MP: 10/12
  5564 | D:7      | Reached skill level 5 in Invocations
  6060 | D:7      | Reached *** piety under Cheibriados
  6224 | D:7      | Reached skill level 5 in Axes
  6224 | D:7      | Reached skill level 1 in Shields
  6560 | D:8      | Noticed a hornet
  6590 | D:7      | Killed a hornet
  6929 | D:8      | Noticed a two-headed ogre
  6940 | D:8      | Killed a two-headed ogre
  6940 | D:8      | Reached skill level 6 in Invocations
  6940 | D:8      | Reached XP level 10. HP: 40/76 MP: 14/14
  7574 | D:8      | Reached skill level 7 in Invocations
  7677 | D:8      | Reached **** piety under Cheibriados
  7862 | D:9      | Reached skill level 5 in Shields
  7927 | D:9      | You fall through a shaft for 2 floors!
  8293 | D:11     | Noticed a two-headed ogre
  8304 | D:11     | Killed a two-headed ogre
  8304 | D:11     | Reached skill level 8 in Invocations
  8304 | D:11     | Reached skill level 5 in Evocations
  8304 | D:11     | Reached XP level 11. HP: 28/83 MP: 15/17
  8577 | D:10     | Entered Level 10 of the Dungeon
  8935 | D:9      | Reached ***** piety under Cheibriados
  9035 | D:9      | Found a staircase to the Orcish Mines.
 10242 | D:10     | Reached skill level 9 in Invocations
 10251 | D:10     | Found a staircase to the Lair.
 10501 | D:11     | Found Nautoi's Gadget Shoppe.
 10502 | D:11     | Noticed a manticore
 10513 | D:11     | Killed a manticore
 10781 | D:11     | Found Jieceir's Gadget Shoppe.
 10874 | D:11     | Noticed a cyclops
 10882 | D:11     | Killed a cyclops
 10882 | D:11     | Reached XP level 12. HP: 85/92 MP: 17/19
 10912 | D:11     | Found Jemuraoth's Jewellery Shoppe.
 10925 | D:11     | Found Pecaq's Food Boutique.
 10954 | D:11     | Reached ****** piety under Cheibriados
 11348 | D:11     | Found Curet's Distillery.
 11482 | D:12     | Noticed Josephine
 11506 | D:12     | Killed Josephine
 11924 | D:12     | Reached skill level 10 in Invocations
 12432 | D:12     | Noticed a two-headed ogre
 12436 | D:12     | Killed a two-headed ogre
 12489 | D:12     | Noticed an unseen horror
 12494 | D:12     | Killed an unseen horror
 12590 | D:12     | Mangled by a titanic slime creature

Skill      XL: |  1  2  3  4  5  6  7  8  9 10 11 12 |
---------------+-------------------------------------+-----
Armour         | 1 2 3 4 |  4.0
Dodging        | 2 3 4 |  4.0
Fighting       | 3 4 5 6 7 8 |  8.5
Crossbows      | 5 6 7 8 |  8.3
Axes           | 1 2 4 5 7 8 9 |  9.3
Invocations    | 1 4 6 8 9 10 | 10.3
Evocations     | 2 4 5 6 |  6.9
Shields        | 3 6 8 9 |  9.4
Stealth        | |  1.2

Action                   |  1- 3 |  4- 6 |  7- 9 | 10-12 || total
-------------------------+-------+-------+-------+-------++-------
Melee: Short sword       |   168 |   196 |       |       ||   364
       War axe           |       |    19 |   367 |   558 ||   944
       Battleaxe         |       |       |       |   257 ||   257
 Fire: Hand crossbow     |     4 |    11 |    30 |    54 ||    99
Invok: Bend Time         |       |       |     1 |     4 ||     5
 Abil: Dig               |       |     1 |    10 |    13 ||    24
       Shaft Self        |       |       |       |     1 ||     1
Evoke: Wand              |       |       |       |     3 ||     3
  Use: Potion            |       |       |     3 |     5 ||     8
       Scroll            |       |       |       |    10 ||    10
 Stab: Distracted        |       |       |       |     1 ||     1
  Eat: Chunk             |     1 |     6 |     9 |     9 ||    25
       Bread ration      |       |       |       |     3 ||     3
Armor: Chain mail        |   131 |   127 |   187 |     7 ||   452
       Skin              |       |       |     8 |     3 ||    11
       Plate armour      |       |       |       |   228 ||   228
Dodge: Dodged            |    64 |    59 |   184 |   173 ||   480
Block: Large shield      |       |       |    99 |   803 ||   902
